 Dungeon Crawl Stone Soup version 0.19.1-1-g22dce08 (webtiles) character file.

85 RedPan the Chiller (level 4, -3/24 HPs)
             Began as a Deep Elf Ice Elementalist on Dec 30, 2016.
             Killed from afar by Ijyb (26 damage)
             ... with a wand of lightning
             ... on level 2 of the Dungeon.
             The game lasted 00:06:52 (1372 turns).

RedPan the Chiller (Deep Elf Ice Elementalist)      Turns: 1372, Time: 00:06:52

Health: -3/24      AC:  8    Str:  5    XL:     4   Next: 25%
Magic:  6/10       EV: 13    Int: 21    God:
Gold:   74         SH:  0    Dex: 15    Spells: 3 memorised, 1 level left

rFire  . . .     SeeInvis .     l - +0 spear
rCold  . . .     Gourm    .     a - +0 robe
rNeg   . . .     Faith    .     (no shield)
rPois  .         Spirit   .     (no helmet)
rElec  .         Reflect  .     (no cloak)
rCorr  .         Harm     .     (no gloves)
MR     .....                    (no boots)
Stlth  ++........               (no amulet)
                                (no ring)
                                (no ring)

@: icy armour, slow
A: no striking features
a: no special abilities


You were on level 2 of the Dungeon.
You were not hungry.

You visited 1 branch of the dungeon, and saw 2 of its levels.

You collected 74 gold pieces.

Inventory:

Hand Weapons
 l - a +0 spear (weapon)
Armour
 a - a +0 robe (worn)
Jewellery
 h - an uncursed amulet of faith {unknown}
Scrolls
 e - a scroll of identify {unknown}
 j - a scroll of amnesia
 k - a scroll of noise {unknown}
Potions
 g - a potion of heal wounds {unknown}
Books
 b - a book of Frost

   Spells                             Type                      Level
   a - Freeze                         Ice                          1
   b - Throw Frost                    Conjuration/Ice              2
   c - Ozocubu's Armour               Charms/Ice                   3
   d - Throw Icicle                   Conjuration/Ice              4
   e - Summon Ice Beast               Ice/Summoning                4
Comestibles
 c - 2 bread rations
 d - 3 beef jerkies
 f - 4 chunks of flesh
 i - a meat ration


   Skills:
 - Level 2.4 Dodging
 - Level 2.4 Stealth
 - Level 3.0 Spellcasting
   Level 1.1 Conjurations
 - Level 3.1 Charms
 + Level 0.0 Summonings
 + Level 5.0 Ice Magic


You had one spell level left.
You knew the following spells:

 Your Spells              Type           Power        Failure   Level  Hunger
a - Freeze                Ice            ###.         1%          1    None
b - Ozocubu's Armour      Chrm/Ice       ###.....     10%         3    ###....
c - Summon Ice Beast      Ice/Summ       ##......     54%         4    ####...


Dungeon Overview and Level Annotations

Branches:
Dungeon (2/15)

Altars:

Annotations:
D:2 1 runed door, Ijyb


Message History

You barely miss the rat. The rat bites you.
You hit the rat.
You kill the rat!
No target in view!
Ijyb the Twisted Goblin comes into view.
She is wielding a dagger.
Ijyb shouts!
Casting: Freeze
Confirm with . or Enter, or press ? or * to list all spells.
Aiming: Freeze
Press: ? - help, Shift-Dir - straight line, f - Ijyb
Aim: Ijyb, wielding a dagger and wearing a leather armour You freeze Ijyb.
Ijyb is moderately wounded.
Ijyb zaps a wand.
The bolt of lightning misses you.
It is a wand of lightning.
Casting: Freeze
Confirm with . or Enter, or press ? or * to list all spells.
A film of ice covers your body!
Ijyb zaps a wand.
The bolt of lightning hits you!
Ouch! That really hurt!
You die...

#.##.###.# ##
#.#####.##.###.# #.
...............# #.
.###..........# ##.
#..###.##.## ####..
#..# #....# .....
#..#####..#
#..######.........#
#.g@......######.##
#.#.####### ..
#.... .......
###....## #.#.##
#.### #.


You could see Ijyb.

Vanquished Creatures
  Terence (D:2)
  An adder (D:2)
  3 dart slugs
  A leopard gecko (D:1)
  6 bats
  6 goblins
  7 hobgoblins (D:1)
  7 jackals
  3 frilled lizards
  A kobold (D:1)
  5 rats
41 creatures vanquished.

Notes
Turn   | Place    | Note
-------+----------+-------------------------------------------
     0 | D:1      | RedPan the Deep Elf Ice Elementalist began the quest for the Orb.
     0 | D:1      | Reached XP level 1. HP: 10/10 MP: 6/6
   179 | D:1      | Reached skill level 4 in Ice Magic
   179 | D:1      | Reached XP level 2. HP: 15/15 MP: 6/8
   581 | D:1      | Reached XP level 3. HP: 19/19 MP: 5/9
   986 | D:1      | Learned a level 3 spell: Ozocubu's Armour
  1006 | D:2      | Found a runed door.
  1105 | D:2      | Reached skill level 5 in Ice Magic
  1157 | D:2      | Found a faded altar of an unknown god.
  1228 | D:2      | Noticed Terence
  1238 | D:2      | Killed Terence
  1238 | D:2      | Reached XP level 4. HP: 20/24 MP: 1/10
  1352 | D:2      | Learned a level 4 spell: Summon Ice Beast
  1365 | D:2      | Noticed Ijyb
  1372 | D:2      | Killed from afar by Ijyb

Skill      XL: |  1  2  3  4 |
---------------+-------------+-----
Ice Magic      | 4 5 |  5.0
Charms         | 2 3 |  3.1
Dodging        | |  2.4
Stealth        | |  2.4
Spellcasting   | |  3.0
Conjurations   | |  1.1

Action                   |  1- 3 |  4- 6 || total
-------------------------+-------+-------++-------
Melee: Unarmed           |     8 |       ||     8
       Spear             |       |     5 ||     5
 Cast: Freeze            |    60 |     5 ||    65
       Ozocubu's Armour  |     1 |     1 ||     2
  Use: Scroll            |     1 |       ||     1
 Stab: Sleeping          |     1 |     1 ||     2
  Eat: Chunk             |     1 |       ||     1
Armor: Robe              |     7 |       ||     7
Dodge: Dodged            |    42 |     3 ||    45
